 Dungeon Crawl Stone Soup version 0.31-a0-1589-g8f5e8aebd6 (webtiles) character file.

Game seed: 11887019356466760238

30 Flugslaktarn the Apothecary (level 3, -2/21 HPs)
             Began as an Octopode Alchemist on Jan 5, 2024.
             Succumbed to an adder's poison
             ... on level 2 of the Dungeon.
             The game lasted 00:01:41 (461 turns).

Flugslaktarn the Apothecary (Octopode Alchemist)     Turns: 461, Time: 00:01:42

Health: -2/21      AC:  1    Str:  7    XL:     3   Next: 18%
Magic:  1/6        EV: 13    Int: 19    God:
Gold:   102        SH:  0    Dex: 12    Spells: 6/7 levels left

rFire   . . .        h - +1 dagger (flame)
rCold   . . .        (no shield)
rNeg    . . .        (helmet restricted)
rPois   .            (no amulet)
rElec   .            (no ring)
rCorr   .            (no ring)
SInv    .            (no ring)
Will    .....        (no ring)
Stlth   +++          (no ring)
HPRegen 0.23/turn    (no ring)
MPRegen 0.10/turn    (no ring)
                     (no ring)

%: no passive effects
@: lethally poisoned (-2 -> -14)
A: almost no armour, amphibious, 8 rings, camouflage 1, gelatinous body 1,
(nimble swimmer 1), tentacles
a: no special abilities


You were on level 2 of the Dungeon.
You visited 1 branch of the dungeon, and saw 2 of its levels.

You collected 102 gold pieces.

Inventory:

Hand Weapons
 d - a +0 dagger
   (You took it off a goblin on level 1 of the Dungeon)
 h - a +1 dagger of flaming (weapon)
   (You took it off a kobold on level 2 of the Dungeon)
Scrolls
 b - 3 scrolls of revelation {unknown}
 c - 2 scrolls of teleportation {unknown}
 e - a scroll of fog {unknown}
 f - a scroll of poison {unknown}
 g - a scroll of immolation {unknown}
Potions
 a - a potion of magic
 i - a potion of berserk rage {unknown}


   Skills:
 - Level 2.0 Dodging
 - Level 2.6 Stealth
 + Level 2.5 Spellcasting
 - Level 1.0 Conjurations
 * Level 4.2 Alchemy


You had 6 spell levels left.
You knew the following spells:

 Your Spells              Type           Power      Damage    Failure   Level
a - Sting                 Conj/Alch      48%        1d6       5%          1

Your spell library contained the following spells:

 Spells                   Type           Power      Damage    Failure   Level
 Mercury Vapours          Alch/Air       20%        N/A       10%         2
 Mephitic Cloud           Conj/Alch/Air  9%         N/A       24%         3
 Olgreb's Toxic Radiance  Alch           18%        N/A       28%         4
 Sticky Flame             Fire/Alch      10%        2d5       54%         4


Dungeon Overview and Level Annotations

Branches:
Dungeon (2/15)

Altars:


Innate Abilities, Weirdness & Mutations

You cannot wear most types of armour.
You are amphibious.
You can wear up to eight rings at the same time.
Your skin changes colour to match your surroundings (Stealth+).
Your rubbery body absorbs attacks. (AC +1, EV +1)
((You are camouflaged when in or above water. (Stealth+)))
You have tentacles for arms and can constrict up to eight enemies at once.


Message History

The bat hits you but does no damage.
You hit the bat but do no damage. You grab the bat. You squeeze the bat.
You kill the bat!
No target in view!
Things that are here:
a +1 dagger of flaming; 5 stones
Okay, then.
g - a scroll labelled NEOXKAY FYRID
Things that are here:
a +1 dagger of flaming; 5 stones Your +1 dagger of flaming bursts into flame!
h - a +1 dagger of flaming (weapon)
i - a sedimented blue potion A kobold comes into view.
It is wielding a +0 short sword.
A kobold is nearby!
Unknown command.
The kobold shouts!
Casting: Sting (safe; 5% risk of failure)
Confirm with . or Enter, or press ? or * to list all spells.
Aiming: Sting (safe; 5% risk of failure)
Press: ? - help, Shift-Dir - straight line, f - kobold
Aim: a kobold, wielding a +0 short sword and quivering stones (64% to hit)
The sting hits the kobold.
The kobold is poisoned.
The kobold is severely wounded.
You kill the kobold!
A hobgoblin comes into view.
A hobgoblin is nearby!
Casting: Sting (safe; 5% risk of failure)
Confirm with . or Enter, or press ? or * to list all spells.
Aiming: Sting (safe; 5% risk of failure)
Press: ? - help, Shift-Dir - straight line, f - hobgoblin
Aim: a hobgoblin (wandering, hasn't noticed you, 71% to hit)
The sting misses the hobgoblin.
The hobgoblin shouts!
A goblin comes into view. It is wielding a +0 dagger.
An adder comes into view.
The hobgoblin hits you.
The adder moves out of view.
Casting: Sting (safe; 5% risk of failure)
Confirm with . or Enter, or press ? or * to list all spells.
Aiming: Sting (safe; 5% risk of failure)
Press: ? - help, Shift-Dir - straight line, f/p - hobgoblin
Aim: a hobgoblin (71% to hit)
The sting hits the hobgoblin.
The hobgoblin is poisoned.
The hobgoblin is almost dead.
The goblin shouts!
The hobgoblin closely misses you.
You completely miss the hobgoblin.
The adder hisses angrily.
Your grab misses the hobgoblin.
The hobgoblin is almost dead.
The hobgoblin misses you.
You hit the hobgoblin. You burn the hobgoblin.
You kill the hobgoblin!
The goblin unwields a +0 dagger.
The goblin wields a +0 sling.
The goblin shoots a sling bullet.
The sling bullet hits you.
A jackal comes into view.
The goblin shoots a sling bullet.
The sling bullet hits you.
The jackal barks!
The goblin shoots a sling bullet.
The sling bullet barely misses you.
Casting: Sting (safe; 5% risk of failure)
Confirm with . or Enter, or press ? or * to list all spells.
Aiming: Sting (safe; 5% risk of failure)
Press: ? - help, Shift-Dir - straight line, f - adder
Aim: an adder (53% to hit)
The sting hits the adder.
The adder is poisoned.
The adder is moderately wounded.
The adder misses you.
The goblin shoots a sling bullet.
The sling bullet misses you. The adder bites you.
The adder attacks as it pursues you! The adder bites you.
The adder attacks as it pursues you! The adder bites you but does no damage.
The adder completely misses you.
Casting: Sting (safe; 5% risk of failure)
Confirm with . or Enter, or press ? or * to list all spells.
Aiming: Sting (safe; 5% risk of failure)
Press: ? - help, Shift-Dir - straight line, f/p - adder
Aim: an adder (moderately wounded, poisoned, 53% to hit)
The sting misses the adder.
The sting hits the goblin.
The goblin is poisoned.
The goblin is moderately wounded.
The adder looks more healthy.
The adder misses you.
You are too injured to fight recklessly!
You hit the adder but do no damage. Your grab misses the adder.
Your squeeze misses the adder.
The adder is moderately wounded.
The adder bites you.
* * * LOW HITPOINT WARNING * * *
You are lethally poisoned!
The adder poisons you!
The goblin unwields a +0 sling.
The goblin wields a +0 dagger.
The goblin misses you.
You barely miss the adder. You grab the adder.
The adder is moderately wounded.
You constrict the adder.
* * * LOW HITPOINT WARNING * * *
You feel sick. The adder closely misses you. The adder bites you.
* * * LOW HITPOINT WARNING * * *
You are more poisoned.
The adder poisons you!
You hit the adder but do no damage.
The adder is moderately wounded.
You constrict the adder.
You die...

########## #........#
###....)...#
#..........##########
.#.@................
##Sg.###..(........
#.h####............
#.## #............
#.†.# #............
#...# #.............
...#.# #.............
##..#..
#..#>..........
....#.#....#..........


You could see an adder, a jackal and a goblin (poisoned).

Vanquished Creatures
  2 ball pythons (D:2)
  2 bats
  5 goblins
  6 hobgoblins
  4 jackals (D:1)
  3 kobolds
  A frilled lizard (D:2)
  A rat (D:1)
24 creatures vanquished.

Notes
Turn   | Place    | Note
-------+----------+-------------------------------------------
     0 | D:1      | Flugslaktarn the Octopode Alchemist began the quest for the
                  | Orb.
     0 | D:1      | Reached XP level 1. HP: 11/11 MP: 3/3
   110 | D:1      | Reached XP level 2. HP: 17/17 MP: 0/5
   343 | D:1      | Reached skill level 4 in Alchemy
   395 | D:2      | Reached XP level 3. HP: 20/21 MP: 2/6
   460 | D:2      | HP: 1/21 [adder (3)]
   461 | D:2      | Succumbed to an adder's poison

Illustrated notes

Levels and vault maps discovered:
D:1:      shiori_angband_town, layout_basic
D:2:      layout_rooms, kennysheep_generic_room_8, uniq_crazy_yiuf_cottage

Skill      XL: |  1  2 |
---------------+-------+-----
Alchemy        | 4 |  4.2
Dodging        | |  2.0
Stealth        | |  2.6
Spellcasting   | |  2.5
Conjurations   | |  1.0

Action                     || total
---------------------------++-------
  Melee: Dagger            ||    26
         Constrict         ||    11
         Unarmed           ||     2
         Tentacles         ||     5
         Punch             ||     1
   Cast: Sting             ||    26
 Armour: Skin              ||    32
  Dodge: Dodged            ||    34

Table legend: (Time is in decaauts)
 A = Elapsed time spent in this place.
 B = Non-inter-level travel time spent in this place.
 C = Inter-level travel time spent in this place.
 D = Time resting spent in this place.
 E = Time spent auto-exploring this place.
 F = Levels seen in this place.
 G = Mean time per level.
                   A        B        C        D        E       F      G
               +--------+--------+--------+--------+--------+-----+--------+
         Total |    459 |    454 |      5 |      0 |    238 |   2 |  229.5 |
       Dungeon |    459 |    454 |      5 |      0 |    238 |   2 |  229.5 |
               +--------+--------+--------+--------+--------+-----+--------+

Top non-repeatable levels by time:
     D:1: 355 daAuts
     D:2: 104 daAuts
